Wild vs Canucks
Created - 13 novembre 2013 at 22:50
Goals
|
| Wild |
3 |
1 |
1 |
5 |
| Canucks |
1 |
0 |
0 |
1 |
|
Shots
|
| Wild |
14 |
8 |
6 |
28 |
| Canucks |
10 |
7 |
8 |
25 |
|
1st period
1. Wild , Chris Drury 4 (Jozef Stumpel) at 0:16 (PP)
2. Wild , Chris Higgins 4 (Rod Brind'Amour, Brian Rolston) at 4:06
3. Canucks , Scott Niedermayer 3 (Mark Streit, Jean-Sébastien Giguère) at 8:58
4. Wild , Jozef Stumpel 7 (Vaclav Prospal) at 16:00
Penalties :
Peter Worrell (Van) for Hooking (Minor) at 0:12, Erik Christensen (Van) for Roughing (Minor) at 1:14, Nathan Dempsey (Min) for Holding (Minor) at 1:14, Nathan Dempsey (Min) for Holding (Minor) at 6:26, Brent Sopel (Van) for Hooking (Minor) at 11:58
2nd period
5. Wild , Mike Green 6 (Jozef Stumpel) at 17:47
Penalties :
Peter Worrell (Van) for Tripping (Minor) at 3:47, Peter Worrell (Van) for Hooking (Minor) at 19:43
3rd period
6. Wild , Anson Carter 1 (Vaclav Prospal) at 8:38
Penalties :
Brian Rolston (Min) for Hooking (Minor) at 5:08, Chris Drury (Min) for Hooking (Minor) at 17:21
Goalie Stats
Martin Brodeur (Min), 24 saves from 25 shots - (0,960), W, 7-2-0, 60:00 minutes
Carey Price (Van), 8 saves from 9 shots - (0,889), 22:13 minutes
Jean-Sébastien Giguère (Van), 15 saves from 19 shots - (0,789), L, 2-1-0, 37:47 minutes
Players Stats for Wild
Player Name G A P +/- PIM S H SB GA TA FO MP PP MP PK MP
------------------------------------------------------------------------------------
Alexei Kovalev 0 0 0 -1 0 3 3 0 0 0 4/4 19:24 3:22 0:00
Anson Carter 1 0 1 2 0 2 0 0 0 0 1/1 14:47 2:39 0:00
Brian Rolston 0 1 1 2 2 0 0 0 2 0 1/1 11:46 0:00 1:15
Chris Drury 1 0 1 -1 2 2 0 0 0 0 13/29 19:57 3:22 0:51
Chris Higgins 1 0 1 2 0 4 1 0 1 0 1/2 14:06 0:01 2:57
Fedor Tyutin 0 0 0 1 0 0 0 0 0 0 0/0 21:06 2:33 3:30
Fredrik Modin 0 0 0 0 0 0 0 0 0 0 0/0 9:22 0:00 1:33
Glen Metropolit 0 0 0 0 0 0 2 1 0 2 0/1 9:56 0:00 1:48
Jonathan Rheault 0 0 0 0 0 0 0 0 0 0 0/0 7:49 0:00 0:00
Jozef Stumpel 1 2 3 2 0 4 0 0 0 0 1/1 16:41 3:21 0:12
Mark Eaton 0 0 0 1 0 3 1 2 1 0 0/0 21:17 2:33 3:23
Mike Green 1 0 1 3 0 3 4 1 1 0 0/0 23:45 3:28 0:29
Nathan Dempsey 0 0 0 2 4 1 2 2 1 1 0/0 24:47 3:28 1:49
Niclas Wallin 0 0 0 -1 0 0 1 1 0 0 0/0 14:34 0:00 0:00
R.J. Umberger 0 0 0 -1 0 2 3 0 0 0 0/0 17:10 2:39 0:00
Rod Brind'Amour 0 1 1 2 0 2 2 0 0 0 7/11 13:45 0:00 2:59
Shane Hnidy 0 0 0 0 0 0 0 0 0 0 0/0 15:16 0:00 2:43
Vaclav Prospal 0 2 2 2 0 2 1 0 0 0 4/8 16:32 2:39 0:19
Players Stats for Canucks
Player Name G A P +/- PIM S H SB GA TA FO MP PP MP PK MP
------------------------------------------------------------------------------------
Brad Richardson 0 0 0 0 0 3 2 1 0 0 3/8 14:19 0:00 2:46
Brent Sopel 0 0 0 -1 2 1 0 4 0 2 0/0 19:44 2:27 1:32
Brooks Orpik 0 0 0 -1 0 0 0 1 0 0 0/0 22:02 2:27 2:30
Chris Campoli 0 0 0 -1 0 0 0 0 0 0 0/0 10:21 0:00 0:00
Clarke MacArthur 0 0 0 -1 0 2 1 1 1 0 0/1 19:20 2:39 2:23
David Jones 0 0 0 0 0 2 0 0 0 0 0/0 6:33 0:00 0:00
Dennis Seidenberg 0 0 0 0 0 2 0 0 0 0 0/0 2:47 0:00 0:16
Erik Christensen 0 0 0 -1 2 0 2 0 0 0 5/10 18:26 2:39 1:19
Fabian Brunnstrom 0 0 0 0 0 2 0 1 2 0 0/1 15:10 0:00 2:07
Jaromir Jagr 0 0 0 -2 0 2 1 2 0 0 3/9 25:31 3:12 2:42
Jiri Hudler 0 0 0 -2 0 1 2 1 0 0 11/24 17:57 3:18 0:00
Mark Streit 0 1 1 -1 0 2 1 2 0 0 0/0 27:37 3:30 3:31
Peter Worrell 0 0 0 -2 6 1 3 1 0 0 0/1 20:27 3:18 0:45
Rickard Wallin 0 0 0 0 0 0 0 0 0 0 4/4 5:21 0:00 0:00
Scott Niedermayer 1 0 1 -1 0 1 1 1 0 2 0/0 25:06 3:30 3:31
Sheldon Keefe 0 0 0 0 0 4 1 1 0 1 0/0 13:14 0:06 0:00
Taylor Chorney 0 0 0 -1 0 1 0 0 0 1 0/0 12:23 0:00 0:42
Zigmund Palffy 0 0 0 -1 0 1 0 0 0 0 0/0 15:37 2:39 0:00
3 Stars
1 - Jozef Stumpel (Min)
2 - Mike Green (Min)
3 - Martin Brodeur (Min)
Power Play
Wild - 1 on 4 Attempt(s) - 25,00%
Canucks - 0 on 3 Attempt(s) - 0,00%
Penalty Kill
Wild - 3 on 3 Attempt(s) - 100,00%
- Score 0 goal in Penalty Kill
Canucks - 3 on 4 Attempt(s) - 75,00%
- Score 0 goal in Penalty Kill
Official
Referees : Watson Brad and Sutherland Kelly
Linesman : Vaughan Rody and Pierre Champoux
Game Notes
Carey Price enters game at 17:47 of 2nd period
Finance
Level 1 -- Attendance: 4434 (73,90%) -- Ticket Income 438 966 $
Level 2 -- Attendance: 4916 (98,32%) -- Ticket Income 255 632 $
Level 3 -- Attendance: 1755 (87,75%) -- Ticket Income 52 650 $
Level 4 -- Attendance: 4000 (100,00%) -- Ticket Income 68 000 $
Luxury Box -- Attendance: 949 (94,90%) -- Ticket Income 94 900 $
Game was played at the Budweiser Coliseum
Total Attendance: 16054 (89,19%)
Total Ticket Income: 910 148 $
Other Income: 136 522 $
Total Income: 1 046 670 $
Wild
5 vs 5 Forward
Center Left Wing Right Wing Time % Phy DF OF
1 Chris Drury R.J. Umberger Alexei Kovalev 40 0 1 4
2 Vaclav Prospal Jozef Stumpel Anson Carter 30 1 1 3
3 Rod Brind'Amour Chris Higgins Brian Rolston 20 1 1 3
4 Glen Metropolit Fredrik Modin Jonathan Rheault 10 2 2 1
5 vs 5 Defense
Defense Defense Time % Phy DF OF
1 Mike Green Nathan Dempsey 40 1 3 1
2 Fedor Tyutin Mark Eaton 30 1 3 1
3 Niclas Wallin Shane Hnidy 20 1 3 1
4 Mike Green Nathan Dempsey 10 1 3 1
PowerPlay Forward
Center Left Wing Right Wing Time % Phy DF OF
1 Chris Drury Jozef Stumpel Alexei Kovalev 60 0 0 5
2 Vaclav Prospal R.J. Umberger Anson Carter 40 0 0 5
PowerPlay Defense
Defense Defense Time % Phy DF OF
1 Mike Green Nathan Dempsey 60 0 2 3
2 Fedor Tyutin Mark Eaton 40 0 2 3
Penalty Kill 4 Players Forward
Center Wing Time % Phy DF OF
1 Rod Brind'Amour Chris Higgins 60 1 4 0
2 Glen Metropolit Brian Rolston 40 1 4 0
Penalty Kill 4 Players Defense
Defense Defense Time % Phy DF OF
1 Mark Eaton Fedor Tyutin 60 2 3 0
2 Nathan Dempsey Shane Hnidy 40 2 3 0
Penalty Kill - 3 Players Forward
Forward Time % Phy DF OF
1 Rod Brind'Amour 60 1 4 0
2 Glen Metropolit 40 1 4 0
Penalty Kill - 3 Players Defense
Defense Defense Time % Phy DF OF
1 Mark Eaton Fedor Tyutin 60 2 3 0
2 Niclas Wallin Shane Hnidy 40 2 3 0
4 vs 4 Forward
Center Wing Time % Phy DF OF
1 Chris Drury Jozef Stumpel 60 1 1 3
2 Vaclav Prospal Alexei Kovalev 40 1 1 3
4 vs 4 Defense
Defense Defense Time % Phy DF OF
1 Mike Green Nathan Dempsey 60 1 3 1
2 Fedor Tyutin Niclas Wallin 40 1 3 1
Last Minutes Offensive
Center Left Wing Right Wing Defense Defense
Chris Drury Jozef Stumpel Alexei Kovalev Mike Green Nathan Dempsey
Last Minutes Defensive
Center Left Wing Right Wing Defense Defense
Rod Brind'Amour Chris Higgins Brian Rolston Mark Eaton Shane Hnidy
Goaltenders
Starting : Martin Brodeur
Backup : Julien Ellis
Extra Forwards
Normal : Chris Drury, Alexei Kovalev, Vaclav Prospal - PP : Chris Drury, Alexei Kovalev - PK : Rod Brind'Amour
Extra Defensemen
Normal : Mike Green, Nathan Dempsey, Fedor Tyutin - PP : Mike Green - PK : Mark Eaton, Fedor Tyutin
Penalty Shots
Chris Drury, Jozef Stumpel, Vaclav Prospal, Alexei Kovalev, R.J. Umberger
Canucks
5 vs 5 Forward
Center Left Wing Right Wing Time % Phy DF OF
1 Jiri Hudler Peter Worrell Jaromir Jagr 51 1 2 2
2 Erik Christensen Clarke MacArthur Zigmund Palffy 30 1 2 2
3 Brad Richardson Fabian Brunnstrom Sheldon Keefe 15 1 2 2
4 Rickard Wallin Jaromir Jagr David Jones 4 1 2 2
5 vs 5 Defense
Defense Defense Time % Phy DF OF
1 Mark Streit Scott Niedermayer 40 1 2 2
2 Brent Sopel Brooks Orpik 30 1 2 2
3 Chris Campoli Taylor Chorney 20 1 2 2
4 Dennis Seidenberg Mark Streit 10 1 2 2
PowerPlay Forward
Center Left Wing Right Wing Time % Phy DF OF
1 Jiri Hudler Peter Worrell Jaromir Jagr 60 1 2 2
2 Erik Christensen Clarke MacArthur Zigmund Palffy 40 1 2 2
PowerPlay Defense
Defense Defense Time % Phy DF OF
1 Mark Streit Scott Niedermayer 60 1 2 2
2 Brent Sopel Brooks Orpik 40 1 2 2
Penalty Kill 4 Players Forward
Center Wing Time % Phy DF OF
1 Jaromir Jagr Peter Worrell 60 1 2 2
2 Clarke MacArthur Fabian Brunnstrom 40 1 2 2
Penalty Kill 4 Players Defense
Defense Defense Time % Phy DF OF
1 Mark Streit Scott Niedermayer 60 1 2 2
2 Brent Sopel Brooks Orpik 40 1 2 2
Penalty Kill - 3 Players Forward
Forward Time % Phy DF OF
1 Jaromir Jagr 60 1 2 2
2 Peter Worrell 40 1 2 2
Penalty Kill - 3 Players Defense
Defense Defense Time % Phy DF OF
1 Mark Streit Scott Niedermayer 60 1 2 2
2 Brent Sopel Brooks Orpik 40 1 2 2
4 vs 4 Forward
Center Wing Time % Phy DF OF
1 Jaromir Jagr Peter Worrell 60 1 2 2
2 Clarke MacArthur Fabian Brunnstrom 40 1 2 2
4 vs 4 Defense
Defense Defense Time % Phy DF OF
1 Mark Streit Scott Niedermayer 60 1 2 2
2 Brent Sopel Brooks Orpik 40 1 2 2
Last Minutes Offensive
Center Left Wing Right Wing Defense Defense
Jiri Hudler Peter Worrell Jaromir Jagr Mark Streit Scott Niedermayer
Last Minutes Defensive
Center Left Wing Right Wing Defense Defense
Jiri Hudler Peter Worrell Jaromir Jagr Mark Streit Scott Niedermayer
Goaltenders
Starting : Jean-Sébastien Giguère
Backup : Carey Price
Extra Forwards
Normal : Sheldon Keefe, David Jones, Brad Richardson - PP : Sheldon Keefe, David Jones - PK : Brad Richardson
Extra Defensemen
Normal : Chris Campoli, Taylor Chorney, Dennis Seidenberg - PP : Chris Campoli - PK : Taylor Chorney, Dennis Seidenberg
Penalty Shots
Jaromir Jagr, Peter Worrell, Clarke MacArthur, Fabian Brunnstrom, Zigmund Palffy
% Time on Ice - Wild
Lines # - Real PCT - Wanted PCT - Time Play
Normal Forward
1 - 32% - 40% - 14:52
2 - 28% - 30% - 12:51
3 - 23% - 20% - 10:31
4 - 17% - 10% - 7:49
Normal Defense
1 - 40% - 40% - 18:15
2 - 30% - 30% - 14:02
3 - 28% - 20% - 12:59
4 - 2% - 10% - 0:47
PP Forward
1 - 56% - 60% - 3:22
2 - 44% - 40% - 2:39
PP Defense
1 - 58% - 60% - 3:28
2 - 42% - 40% - 2:33
PK Forward
1 - 71% - 60% - 4:15
2 - 29% - 40% - 1:42
PK Defense
1 - 48% - 60% - 2:51
2 - 52% - 40% - 3:06
PK3 Forward
1 - 0% - 60%
2 - 0% - 40%
PK3 Defense
1 - 0% - 60%
2 - 0% - 40%
44 Forward
1 - 64% - 60% - 1:16
2 - 36% - 40% - 0:43
44 Defense
1 - 73% - 60% - 1:27
2 - 27% - 40% - 0:32
Last Minute Offensive - 0:00
Last Minute Defensive - 0:00
Total
Forward - 60:00
Defense - 60:00
|
% Time on Ice - Canucks
Lines # - Real PCT - Wanted PCT - Time Play
Normal Forward
1 - 35% - 51% - 16:11
2 - 28% - 30% - 12:58
3 - 25% - 15% - 11:33
4 - 12% - 4% - 5:21
Normal Defense
1 - 36% - 40% - 16:35
2 - 36% - 30% - 16:36
3 - 22% - 20% - 10:21
4 - 5% - 10% - 2:31
PP Forward
1 - 55% - 60% - 3:18
2 - 45% - 40% - 2:39
PP Defense
1 - 59% - 60% - 3:30
2 - 41% - 40% - 2:27
PK Forward
1 - 94% - 60% - 5:40
2 - 6% - 40% - 0:21
PK Defense
1 - 58% - 60% - 3:31
2 - 42% - 40% - 2:30
PK3 Forward
1 - 0% - 60%
2 - 0% - 40%
PK3 Defense
1 - 0% - 60%
2 - 0% - 40%
44 Forward
1 - 51% - 60% - 1:01
2 - 49% - 40% - 0:58
44 Defense
1 - 76% - 60% - 1:30
2 - 24% - 40% - 0:29
Last Minute Offensive - 0:00
Last Minute Defensive - 0:00
Total
Forward - 60:00
Defense - 60:00
|
Play by Play
1st period
0:01 of 1st period - Chris Drury wins face-off versus Jiri Hudler in neutral zone.
0:08 of 1st period - Chris Drury is hit by Peter Worrell and loses puck.
0:12 of 1st period - Minor Penalty to Peter Worrell for Hooking.
0:13 of 1st period - Jozef Stumpel wins face-off versus Jaromir Jagr in Canucks zone.
0:16 of 1st period - Slapshot by Chris Drury.
0:16 of 1st period - Goal by Chris Drury - Wild : 1 - Canucks : 0.
0:17 of 1st period - Vaclav Prospal wins face-off versus Erik Christensen in neutral zone.
0:20 of 1st period - Wrist shot by Anson Carter.
0:20 of 1st period - Shot Misses the Net.
0:57 of 1st period - Icing by Zigmund Palffy.
0:58 of 1st period - Erik Christensen wins face-off versus Chris Drury in Canucks zone.
0:58 of 1st period - Erik Christensen is hit by Nathan Dempsey.
1:14 of 1st period - Minor Penalty to Erik Christensen for Roughing.
1:14 of 1st period - Minor Penalty to Nathan Dempsey for Holding.
1:15 of 1st period - Chris Drury wins face-off versus Jaromir Jagr in Canucks zone.
1:30 of 1st period - Backhand shot by Mark Streit.
1:30 of 1st period - Stopped by Martin Brodeur with a rebound.
1:45 of 1st period - Slapshot by Brent Sopel.
1:45 of 1st period - Stopped by Martin Brodeur with a rebound.
2:52 of 1st period - Scott Niedermayer is hit by Glen Metropolit and loses puck.
3:14 of 1st period - Penalty to Erik Christensen is over, Erik Christensen is back on ice.
3:14 of 1st period - Penalty to Nathan Dempsey is over, Nathan Dempsey is back on ice.
3:30 of 1st period - Snap shot by Nathan Dempsey.
3:30 of 1st period - Shot Misses the Net.
3:34 of 1st period - Slapshot by Alexei Kovalev.
3:34 of 1st period - Shot Blocked by Sheldon Keefe.
3:36 of 1st period - Slapshot by Nathan Dempsey.
3:36 of 1st period - Stopped by Jean-Sébastien Giguère with a rebound.
3:42 of 1st period - Slapshot by Vaclav Prospal.
3:42 of 1st period - Shot Misses the Net.
3:44 of 1st period - Snap shot by Vaclav Prospal.
3:44 of 1st period - Stopped by Jean-Sébastien Giguère with a rebound.
3:46 of 1st period - Snap shot by Mark Eaton.
3:46 of 1st period - Shot Blocked by Brent Sopel.
3:48 of 1st period - Slapshot by Mark Eaton.
3:48 of 1st period - Stopped by Jean-Sébastien Giguère with a rebound.
3:50 of 1st period - Slapshot by Mark Eaton.
3:50 of 1st period - Shot Misses the Net.
3:52 of 1st period - Slapshot by Niclas Wallin.
3:52 of 1st period - Shot Misses the Net.
3:54 of 1st period - Slapshot by Vaclav Prospal.
3:54 of 1st period - Shot Blocked by Brooks Orpik.
3:56 of 1st period - Snap shot by Mark Eaton.
3:56 of 1st period - Deflect By Alexei Kovalev.
3:56 of 1st period - Stopped by Jean-Sébastien Giguère without a rebound.
3:57 of 1st period - Rod Brind'Amour wins face-off versus Jiri Hudler in Canucks zone.
4:00 of 1st period - Snap shot by Chris Higgins.
4:00 of 1st period - Stopped by Jean-Sébastien Giguère without a rebound.
4:01 of 1st period - Brian Rolston wins face-off versus Jiri Hudler in Canucks zone.
4:06 of 1st period - Snap shot by Chris Higgins.
4:06 of 1st period - Goal by Chris Higgins - Wild : 2 - Canucks : 0.
4:07 of 1st period - Chris Drury wins face-off versus Jiri Hudler in neutral zone.
4:12 of 1st period - Wrist shot by R.J. Umberger.
4:12 of 1st period - Stopped by Jean-Sébastien Giguère without a rebound.
4:13 of 1st period - Jiri Hudler wins face-off versus Chris Drury in Canucks zone.
4:50 of 1st period - Wrist shot by Jaromir Jagr.
4:50 of 1st period - Deflect By Mike Green.
4:50 of 1st period - Shot Misses the Net.
4:50 of 1st period - Puck is out of play.
4:51 of 1st period - Rod Brind'Amour wins face-off versus Brad Richardson in Wild zone.
5:01 of 1st period - Snap shot by Brian Rolston.
5:01 of 1st period - Shot Blocked by Fabian Brunnstrom.
5:17 of 1st period - Clarke MacArthur is hit by Mark Eaton and loses puck.
5:30 of 1st period - Wrist shot by Clarke MacArthur.
5:30 of 1st period - Shot Misses the Net.
5:43 of 1st period - Off-side.
5:44 of 1st period - Rickard Wallin wins face-off versus Vaclav Prospal in neutral zone.
6:26 of 1st period - Minor Penalty to Nathan Dempsey for Holding.
6:27 of 1st period - Erik Christensen wins face-off versus Rod Brind'Amour in Wild zone.
6:32 of 1st period - Wrist shot by Erik Christensen.
6:32 of 1st period - Shot Blocked by Mark Eaton.
6:52 of 1st period - Fedor Tyutin is hit by Peter Worrell and loses puck.
8:26 of 1st period - Penalty to Nathan Dempsey is over, Nathan Dempsey is back on ice.
8:46 of 1st period - Slapshot by Vaclav Prospal.
8:46 of 1st period - Stopped by Jean-Sébastien Giguère with a rebound.
8:58 of 1st period - Slapshot by Scott Niedermayer.
8:58 of 1st period - Goal by Scott Niedermayer - Wild : 2 - Canucks : 1.
8:59 of 1st period - Erik Christensen wins face-off versus Chris Drury in neutral zone.
9:06 of 1st period - Snap shot by Clarke MacArthur.
9:06 of 1st period - Shot Misses the Net.
9:26 of 1st period - Nathan Dempsey is hit by Peter Worrell and loses puck.
9:49 of 1st period - Wrist shot by Brad Richardson.
9:49 of 1st period - Shot Blocked by Nathan Dempsey.
9:51 of 1st period - Backhand shot by Dennis Seidenberg.
9:51 of 1st period - Stopped by Martin Brodeur with a rebound.
9:53 of 1st period - Slapshot by Dennis Seidenberg.
9:53 of 1st period - Stopped by Martin Brodeur with a rebound.
10:09 of 1st period - Wrist shot by Erik Christensen.
10:09 of 1st period - Shot Misses the Net.
10:11 of 1st period - Snap shot by Clarke MacArthur.
10:11 of 1st period - Stopped by Martin Brodeur without a rebound.
10:12 of 1st period - Alexei Kovalev wins face-off versus Erik Christensen in Wild zone.
10:29 of 1st period - Scott Niedermayer is hit by Alexei Kovalev and loses puck.
11:08 of 1st period - Icing by Glen Metropolit.
11:09 of 1st period - Jiri Hudler wins face-off versus Glen Metropolit in Wild zone.
11:16 of 1st period - Snap shot by Jaromir Jagr.
11:16 of 1st period - Stopped by Martin Brodeur with a rebound.
11:27 of 1st period - Snap shot by Shane Hnidy.
11:27 of 1st period - Shot Misses the Net.
11:29 of 1st period - Wrist shot by Fredrik Modin.
11:29 of 1st period - Shot Misses the Net.
11:39 of 1st period - Backhand shot by Fredrik Modin.
11:39 of 1st period - Shot Hit the Post.
11:41 of 1st period - Slapshot by Niclas Wallin.
11:41 of 1st period - Shot Blocked by Jiri Hudler.
11:43 of 1st period - Snap shot by Glen Metropolit.
11:43 of 1st period - Shot Misses the Net.
11:45 of 1st period - Slapshot by Shane Hnidy.
11:45 of 1st period - Shot Blocked by Brent Sopel.
11:47 of 1st period - Backhand shot by Glen Metropolit.
11:47 of 1st period - Shot Misses the Net.
11:49 of 1st period - Wrist shot by Glen Metropolit.
11:49 of 1st period - Shot Blocked by Jaromir Jagr.
11:58 of 1st period - Minor Penalty to Brent Sopel for Hooking.
11:59 of 1st period - Jaromir Jagr wins face-off versus Chris Drury in Canucks zone.
12:49 of 1st period - Clarke MacArthur is hit by Mike Green and loses puck.
13:58 of 1st period - Penalty to Brent Sopel is over, Brent Sopel is back on ice.
14:01 of 1st period - Icing by Peter Worrell.
14:02 of 1st period - Chris Higgins wins face-off versus Erik Christensen in Canucks zone.
14:16 of 1st period - Slapshot by Chris Higgins.
14:16 of 1st period - Stopped by Jean-Sébastien Giguère with a rebound.
15:14 of 1st period - Snap shot by Sheldon Keefe.
15:14 of 1st period - Stopped by Martin Brodeur with a rebound.
15:26 of 1st period - Snap shot by Chris Higgins.
15:26 of 1st period - Shot Misses the Net.
15:58 of 1st period - Wrist shot by Vaclav Prospal.
15:58 of 1st period - Deflect By Jozef Stumpel.
15:58 of 1st period - Shot Blocked by Brad Richardson.
15:58 of 1st period - Puck is out of play.
15:59 of 1st period - Vaclav Prospal wins face-off versus Jiri Hudler in Canucks zone.
16:00 of 1st period - Snap shot by Jozef Stumpel.
16:00 of 1st period - Goal by Jozef Stumpel - Wild : 3 - Canucks : 1.
16:01 of 1st period - Chris Drury wins face-off versus Jiri Hudler in neutral zone.
16:10 of 1st period - Snap shot by R.J. Umberger.
16:10 of 1st period - Stopped by Jean-Sébastien Giguère with a rebound.
16:12 of 1st period - Wrist shot by Alexei Kovalev.
16:12 of 1st period - Shot Blocked by Peter Worrell.
16:14 of 1st period - Snap shot by Chris Drury.
16:14 of 1st period - Shot Misses the Net.
16:16 of 1st period - Snap shot by Nathan Dempsey.
16:16 of 1st period - Shot Blocked by Jaromir Jagr.
16:50 of 1st period - Slapshot by Mark Streit.
16:50 of 1st period - Stopped by Martin Brodeur with a rebound.
16:52 of 1st period - Wrist shot by Sheldon Keefe.
16:52 of 1st period - Stopped by Martin Brodeur without a rebound.
16:53 of 1st period - Rod Brind'Amour wins face-off versus Brad Richardson in Wild zone.
17:20 of 1st period - Peter Worrell is hit by Mike Green and loses puck.
18:57 of 1st period - Snap shot by Rod Brind'Amour.
18:57 of 1st period - Stopped by Jean-Sébastien Giguère with a rebound.
18:59 of 1st period - Slapshot by Shane Hnidy.
18:59 of 1st period - Shot Blocked by Mark Streit.
19:01 of 1st period - Snap shot by Rod Brind'Amour.
19:01 of 1st period - Stopped by Jean-Sébastien Giguère without a rebound.
19:02 of 1st period - Alexei Kovalev wins face-off versus Brad Richardson in Canucks zone.
19:56 of 1st period - Snap shot by Erik Christensen.
19:56 of 1st period - Shot Blocked by Glen Metropolit.
2nd period
0:01 of 2nd period - Jiri Hudler wins face-off versus Chris Drury in neutral zone.
0:03 of 2nd period - Off-side.
0:04 of 2nd period - Jiri Hudler wins face-off versus Chris Drury in neutral zone.
0:31 of 2nd period - Anson Carter is hit by Scott Niedermayer and loses puck.
0:37 of 2nd period - Off-side.
0:38 of 2nd period - Erik Christensen wins face-off versus Chris Drury in neutral zone.
2:34 of 2nd period - Backhand shot by Vaclav Prospal.
2:34 of 2nd period - Shot Misses the Net.
3:16 of 2nd period - Wrist shot by Chris Higgins.
3:16 of 2nd period - Shot Misses the Net.
3:47 of 2nd period - Minor Penalty to Peter Worrell for Tripping.
3:48 of 2nd period - Chris Drury wins face-off versus Jaromir Jagr in Canucks zone.
4:51 of 2nd period - Fabian Brunnstrom is hit by Mike Green and loses puck.
5:47 of 2nd period - Penalty to Peter Worrell is over, Peter Worrell is back on ice.
5:52 of 2nd period - Brooks Orpik is hit by Chris Higgins and loses puck.
6:13 of 2nd period - Backhand shot by Erik Christensen.
6:13 of 2nd period - Shot Blocked by Niclas Wallin.
6:24 of 2nd period - Wrist shot by Glen Metropolit.
6:24 of 2nd period - Shot Misses the Net.
6:30 of 2nd period - Wrist shot by Peter Worrell.
6:30 of 2nd period - Stopped by Martin Brodeur without a rebound.
6:31 of 2nd period - Rickard Wallin wins face-off versus Rod Brind'Amour in Wild zone.
6:32 of 2nd period - Snap shot by David Jones.
6:32 of 2nd period - Stopped by Martin Brodeur without a rebound.
6:33 of 2nd period - Rickard Wallin wins face-off versus Rod Brind'Amour in Wild zone.
7:28 of 2nd period - Snap shot by Brad Richardson.
7:28 of 2nd period - Shot Blocked by Mark Eaton.
7:30 of 2nd period - Snap shot by Sheldon Keefe.
7:30 of 2nd period - Stopped by Martin Brodeur with a rebound.
7:34 of 2nd period - Wrist shot by Sheldon Keefe.
7:34 of 2nd period - Shot Misses the Net.
7:48 of 2nd period - Wrist shot by Chris Higgins.
7:48 of 2nd period - Deflect By Rod Brind'Amour.
7:48 of 2nd period - Shot Blocked by Clarke MacArthur.
7:48 of 2nd period - Puck is out of play.
7:49 of 2nd period - Rod Brind'Amour wins face-off versus Jaromir Jagr in Canucks zone.
10:04 of 2nd period - Snap shot by Fabian Brunnstrom.
10:04 of 2nd period - Stopped by Martin Brodeur with a rebound.
10:52 of 2nd period - Icing by Brent Sopel.
10:53 of 2nd period - Vaclav Prospal wins face-off versus Brad Richardson in Canucks zone.
10:54 of 2nd period - Wrist shot by Anson Carter.
10:54 of 2nd period - Deflect By Jozef Stumpel.
10:54 of 2nd period - Stopped by Jean-Sébastien Giguère with a rebound.
10:56 of 2nd period - Slapshot by Mark Eaton.
10:56 of 2nd period - Stopped by Jean-Sébastien Giguère with a rebound.
10:58 of 2nd period - Slapshot by Mark Eaton.
10:58 of 2nd period - Stopped by Jean-Sébastien Giguère without a rebound.
10:59 of 2nd period - Chris Drury wins face-off versus Fabian Brunnstrom in Canucks zone.
11:10 of 2nd period - Slapshot by R.J. Umberger.
11:10 of 2nd period - Shot Blocked by Scott Niedermayer.
11:37 of 2nd period - Icing by Fedor Tyutin.
11:38 of 2nd period - Erik Christensen wins face-off versus Vaclav Prospal in Wild zone.
11:39 of 2nd period - Snap shot by Clarke MacArthur.
11:39 of 2nd period - Stopped by Martin Brodeur with a rebound.
11:47 of 2nd period - Snap shot by Vaclav Prospal.
11:47 of 2nd period - Shot Misses the Net.
11:51 of 2nd period - Wrist shot by Jozef Stumpel.
11:51 of 2nd period - Shot Misses the Net.
11:53 of 2nd period - Wrist shot by Anson Carter.
11:53 of 2nd period - Deflect By Vaclav Prospal.
11:53 of 2nd period - Shot Blocked by Brent Sopel.
11:53 of 2nd period - Puck is out of play.
11:54 of 2nd period - Chris Drury wins face-off versus Jiri Hudler in Canucks zone.
12:01 of 2nd period - Slapshot by Alexei Kovalev.
12:01 of 2nd period - Shot Misses the Net.
12:08 of 2nd period - Icing by Scott Niedermayer.
12:09 of 2nd period - Alexei Kovalev wins face-off versus Jiri Hudler in Canucks zone.
13:43 of 2nd period - Snap shot by David Jones.
13:43 of 2nd period - Stopped by Martin Brodeur with a rebound.
14:27 of 2nd period - Jaromir Jagr is hit by R.J. Umberger and loses puck.
15:10 of 2nd period - Taylor Chorney is hit by Alexei Kovalev and loses puck.
15:29 of 2nd period - Vaclav Prospal is hit by Sheldon Keefe and loses puck.
15:50 of 2nd period - Slapshot by Mike Green.
15:50 of 2nd period - Stopped by Jean-Sébastien Giguère without a rebound.
15:51 of 2nd period - Rickard Wallin wins face-off versus Chris Drury in Canucks zone.
15:58 of 2nd period - Fedor Tyutin is hit by Jaromir Jagr and loses puck.
16:48 of 2nd period - Nathan Dempsey is hit by Erik Christensen.
17:00 of 2nd period - Glen Metropolit is hit by Brad Richardson and loses puck.
17:47 of 2nd period - Snap shot by Mike Green.
17:47 of 2nd period - Goal by Mike Green - Wild : 4 - Canucks : 1.
17:47 of 2nd period - Carey Price enters game.
17:48 of 2nd period - Jiri Hudler wins face-off versus Chris Drury in neutral zone.
17:55 of 2nd period - Snap shot by Jaromir Jagr.
17:55 of 2nd period - Stopped by Martin Brodeur without a rebound.
17:56 of 2nd period - Jiri Hudler wins face-off versus Chris Drury in Wild zone.
18:17 of 2nd period - Snap shot by Chris Drury.
18:17 of 2nd period - Stopped by Carey Price without a rebound.
18:18 of 2nd period - Vaclav Prospal wins face-off versus Erik Christensen in Canucks zone.
18:27 of 2nd period - Slapshot by Mark Streit.
18:27 of 2nd period - Shot Misses the Net.
18:29 of 2nd period - Snap shot by Zigmund Palffy.
18:29 of 2nd period - Deflect By Mike Green.
18:29 of 2nd period - Shot Misses the Net.
18:29 of 2nd period - Puck is out of play.
18:30 of 2nd period - Chris Drury wins face-off versus Jiri Hudler in Wild zone.
18:55 of 2nd period - Scott Niedermayer is hit by Vaclav Prospal and loses puck.
19:26 of 2nd period - Mark Eaton is hit by Brad Richardson and loses puck.
19:43 of 2nd period - Minor Penalty to Peter Worrell for Hooking.
19:44 of 2nd period - Chris Drury wins face-off versus Jaromir Jagr in Canucks zone.
19:47 of 2nd period - Wrist shot by Alexei Kovalev.
19:47 of 2nd period - Stopped by Carey Price with a rebound.
19:53 of 2nd period - Snap shot by Jozef Stumpel.
19:53 of 2nd period - Stopped by Carey Price without a rebound.
19:54 of 2nd period - Alexei Kovalev wins face-off versus Jaromir Jagr in Canucks zone.
3rd period
0:01 of 3rd period - Jaromir Jagr wins face-off versus Chris Drury in neutral zone.
0:16 of 3rd period - Slapshot by Nathan Dempsey.
0:16 of 3rd period - Shot Misses the Net.
0:26 of 3rd period - Vaclav Prospal is hit by Clarke MacArthur and loses puck.
1:43 of 3rd period - Penalty to Peter Worrell is over, Peter Worrell is back on ice.
1:52 of 3rd period - Taylor Chorney is hit by Rod Brind'Amour.
2:24 of 3rd period - Nathan Dempsey is hit by Jiri Hudler and loses puck.
4:05 of 3rd period - Wrist shot by Chris Higgins.
4:05 of 3rd period - Deflect By Fabian Brunnstrom.
4:05 of 3rd period - Shot Misses the Net.
4:05 of 3rd period - Puck is out of play.
4:06 of 3rd period - Rod Brind'Amour wins face-off versus Brad Richardson in Canucks zone.
4:11 of 3rd period - Slapshot by Brian Rolston.
4:11 of 3rd period - Deflect By Chris Higgins.
4:11 of 3rd period - Shot Misses the Net.
4:11 of 3rd period - Puck is out of play.
4:12 of 3rd period - Rod Brind'Amour wins face-off versus Jiri Hudler in Canucks zone.
4:19 of 3rd period - Wrist shot by Chris Higgins.
4:19 of 3rd period - Stopped by Carey Price with a rebound.
4:21 of 3rd period - Snap shot by Chris Higgins.
4:21 of 3rd period - Deflect By Brian Rolston.
4:21 of 3rd period - Shot Blocked by Brent Sopel.
4:21 of 3rd period - Puck is out of play.
4:22 of 3rd period - Chris Drury wins face-off versus Jiri Hudler in Canucks zone.
5:08 of 3rd period - Minor Penalty to Brian Rolston for Hooking.
5:09 of 3rd period - Rod Brind'Amour wins face-off versus Peter Worrell in Wild zone.
5:12 of 3rd period - Snap shot by Jaromir Jagr.
5:12 of 3rd period - Deflect By Jiri Hudler.
5:12 of 3rd period - Shot Misses the Net.
5:12 of 3rd period - Puck is out of play.
5:13 of 3rd period - Jiri Hudler wins face-off versus Rod Brind'Amour in Wild zone.
7:08 of 3rd period - Penalty to Brian Rolston is over, Brian Rolston is back on ice.
7:24 of 3rd period - Scott Niedermayer is hit by Nathan Dempsey and loses puck.
7:37 of 3rd period - Scott Niedermayer is hit by Alexei Kovalev and loses puck.
7:57 of 3rd period - Zigmund Palffy is hit by Glen Metropolit and loses puck.
8:38 of 3rd period - Snap shot by Anson Carter.
8:38 of 3rd period - Goal by Anson Carter - Wild : 5 - Canucks : 1.
8:39 of 3rd period - Jiri Hudler wins face-off versus Chris Drury in neutral zone.
8:45 of 3rd period - Off-side.
8:46 of 3rd period - Chris Drury wins face-off versus Jiri Hudler in neutral zone.
8:49 of 3rd period - Peter Worrell is hit by R.J. Umberger and loses puck.
9:00 of 3rd period - Wrist shot by Alexei Kovalev.
9:00 of 3rd period - Shot Misses the Net.
10:32 of 3rd period - Snap shot by Sheldon Keefe.
10:32 of 3rd period - Stopped by Martin Brodeur without a rebound.
10:33 of 3rd period - Brad Richardson wins face-off versus Vaclav Prospal in Wild zone.
10:42 of 3rd period - Slapshot by Sheldon Keefe.
10:42 of 3rd period - Shot Misses the Net.
10:44 of 3rd period - Wrist shot by Brad Richardson.
10:44 of 3rd period - Stopped by Martin Brodeur with a rebound.
10:46 of 3rd period - Snap shot by Brad Richardson.
10:46 of 3rd period - Deflect By Sheldon Keefe.
10:46 of 3rd period - Shot Misses the Net.
10:46 of 3rd period - Puck is out of play.
10:47 of 3rd period - Jiri Hudler wins face-off versus Chris Drury in Wild zone.
11:14 of 3rd period - Slapshot by Brad Richardson.
11:14 of 3rd period - Stopped by Martin Brodeur with a rebound.
11:16 of 3rd period - Slapshot by Taylor Chorney.
11:16 of 3rd period - Stopped by Martin Brodeur without a rebound.
11:17 of 3rd period - Brad Richardson wins face-off versus Vaclav Prospal in Wild zone.
11:28 of 3rd period - Wrist shot by Brad Richardson.
11:28 of 3rd period - Shot Misses the Net.
11:30 of 3rd period - Slapshot by Brad Richardson.
11:30 of 3rd period - Stopped by Martin Brodeur without a rebound.
11:31 of 3rd period - Chris Drury wins face-off versus Jiri Hudler in Wild zone.
12:02 of 3rd period - Icing by Scott Niedermayer.
12:03 of 3rd period - Anson Carter wins face-off versus Erik Christensen in Canucks zone.
12:10 of 3rd period - Wrist shot by Vaclav Prospal.
12:10 of 3rd period - Shot Misses the Net.
12:16 of 3rd period - Snap shot by Anson Carter.
12:16 of 3rd period - Stopped by Carey Price with a rebound.
12:28 of 3rd period - Scott Niedermayer is hit by R.J. Umberger.
12:50 of 3rd period - Fabian Brunnstrom is hit by Rod Brind'Amour and loses puck.
12:55 of 3rd period - Wrist shot by Rod Brind'Amour.
12:55 of 3rd period - Shot Misses the Net.
12:57 of 3rd period - Slapshot by Rod Brind'Amour.
12:57 of 3rd period - Shot Misses the Net.
13:21 of 3rd period - Wrist shot by Zigmund Palffy.
13:21 of 3rd period - Stopped by Martin Brodeur with a rebound.
13:55 of 3rd period - Jiri Hudler is hit by Niclas Wallin and loses puck.
14:33 of 3rd period - Snap shot by Jiri Hudler.
14:33 of 3rd period - Stopped by Martin Brodeur without a rebound.
14:34 of 3rd period - Chris Drury wins face-off versus Clarke MacArthur in Wild zone.
14:39 of 3rd period - Snap shot by Alexei Kovalev.
14:39 of 3rd period - Shot Blocked by Mark Streit.
15:05 of 3rd period - Wrist shot by Jozef Stumpel.
15:05 of 3rd period - Stopped by Carey Price with a rebound.
15:46 of 3rd period - Icing by Sheldon Keefe.
15:47 of 3rd period - Brad Richardson wins face-off versus Chris Drury in Canucks zone.
15:56 of 3rd period - Slapshot by Sheldon Keefe.
15:56 of 3rd period - Shot Blocked by Nathan Dempsey.
15:58 of 3rd period - Slapshot by Brooks Orpik.
15:58 of 3rd period - Shot Blocked by Mike Green.
16:00 of 3rd period - Wrist shot by Fabian Brunnstrom.
16:00 of 3rd period - Stopped by Martin Brodeur with a rebound.
16:10 of 3rd period - Backhand shot by Mike Green.
16:10 of 3rd period - Stopped by Carey Price with a rebound.
16:32 of 3rd period - Wrist shot by Chris Higgins.
16:32 of 3rd period - Shot Misses the Net.
17:08 of 3rd period - Wrist shot by Alexei Kovalev.
17:08 of 3rd period - Stopped by Carey Price without a rebound.
17:09 of 3rd period - Jiri Hudler wins face-off versus Chris Drury in Canucks zone.
17:16 of 3rd period - Off-side.
17:17 of 3rd period - Jiri Hudler wins face-off versus Chris Drury in neutral zone.
17:21 of 3rd period - Minor Penalty to Chris Drury for Hooking.
17:22 of 3rd period - Jaromir Jagr wins face-off versus Chris Higgins in Wild zone.
17:47 of 3rd period - Fedor Tyutin is hit by Erik Christensen and loses puck.
18:28 of 3rd period - Mark Eaton is hit by Jiri Hudler and loses puck.
19:03 of 3rd period - Fredrik Modin is hit by Mark Streit.
19:21 of 3rd period - Penalty to Chris Drury is over, Chris Drury is back on ice.
19:35 of 3rd period - Sheldon Keefe is hit by Mike Green and loses puck.
Output by the SimonT Hockey Simulator (STHS) for François Prévost -- Original Page W3C XHTML 1.0 Valid